Bacon, lawful male dwarven Caveman ---- ---... ---- |.....--..| ---- ..G.....--- ---..-- -.......*| |....<| |........-- -....-- -.....@..------ -........ |-..|.Y...G...| --............. |...|.........| |...........---- ---............-- |...........- ---...)..........| --............--- ---.....>..........-- -- | --------- --- --- |.......................^...%..d......| |.......................................(.....................----....| -- ----------------.. ..---.......--.................| ..--- | *..- --......|--.--............-- .| ... |..--.-- ----..---.|.|...| .| -.|. --- -- ---- ------.-- -- ---- --- Bacon the Wanderer Experience level: 6 Strength: 15 Dexterity: 17 Constitution: 15 Intelligence: 10 Wisdom: 7 Charisma: 7 Health: 0(59) Energy: 0(0) AC: 6 Gold: 224 Moves: 3029 Your Inventory: Coins $ - 224 gold pieces Weapons a - an uncursed +1 club (weapon in hand) z - an uncursed [+0] spear (alternate weapon; not wielded) Armor e - an uncursed +0 leather armor (being worn) B - an uncursed +0 pair of walking shoes [low] (being worn) D - an uncursed +0 visored helmet [helmet] (being worn) N - an [uncursed +0] Hawaiian shirt Comestibles F - an [uncursed] food ration G - an [uncursed] fortune cookie I - an [uncursed] Pomegranite Spellbooks h - an uncursed spellbook of sleep Rings s - an uncursed amber ring [of poison resistance] Wands f - an [uncursed] black wand [of undead turning (0:4)] r - an [uncursed] wand of slow monster [0:7] Tools l - an [uncursed] bag called Bag of Holding,B/U/C? [of holding] x - an [uncursed] brass lantern J - an [uncursed +0] pick-axe [of warning] M - an [uncursed] key [skeleton key] O - an [uncursed wax] candle Gems j - an [uncursed] white gem [worthless glass] o - 2 [uncursed] yellowish brown gems [worthless glass] u - 2 [uncursed] blue gems [worthless glass] K - an [uncursed] orange gem [worthless glass] Spells known in the end: Name Level Category Fail Memory a - sleep 1 enchantment 96% [||||||||] Your skills at the end: Fighting Skills bare handed combat [Basic / Master] Weapon Skills club [Basic / Expert] sling [Basic / Expert] Spellcasting Skills Final Attributes: You were piously aligned. Hunger level was 350. Your alignment was 24 / 25. Monster difficulty range was 1 - 6. Level difficulty was 7. You were telepathic. You had infravision. Your luck was zero. You are dead. Vanquished creatures: a small mimic 2 watchmen a dingo a snake a rock piercer 2 gnome lords a gnomish wizard a straw golem a wax golem 2 floating eyes a kitten a dwarf a kobold lord a rabid rat 2 giant bats 2 orc zombies 2 iguanas 4 killer bees a coyote 2 hobbits a large kobold a giant rat a cave spider 25 gnomes a gecko 8 jackals a fox a goblin 7 grid bugs 4 bats 2 kobold zombies 2 newts 84 creatures vanquished. Voluntary challenges: You used a wielded weapon 43 times. You read items or engraved 4 times. You put on armor 4 times. You never genocided any monsters. You never polymorphed an object. You never changed form. You used no wishes. You wrote Elbereth's name 1 time. You never encountered a bones level. You never used any Sokoban shortcuts. Dungeon overview: The Dungeons of Doom: levels 1 to 2 Level 1 some fountains a long staircase Level 2 stairs to The Gnomish Mines The Gnomish Mines: levels 3 to 7 Level 3 stairs to The Dungeons of Doom Level 5 many shops, a temple to Anu, a magic chest, some fountains Level 7 <- You were here History has recorded: On T:1 you entered the Dungeons of Doom to retrieve the Amulet of Yendor! On T:605 you reached level 2 of The Dungeons of Doom. On T:613 you advanced to experience level 2. On T:918 you reached level 1 of The Gnomish Mines. On T:1124 you advanced to experience level 3. On T:1234 you advanced to experience level 4. On T:1522 you reached level 2 of The Gnomish Mines. On T:1726 you advanced to experience level 5. On T:2154 you reached level 3 of The Gnomish Mines. On T:2538 you advanced to experience level 6. On T:2795 you reached level 4 of The Gnomish Mines. On T:2968 you reached level 5 of The Gnomish Mines. Latest messages: [HP+1=12] You see here a candle. O - a candle. Please move the cursor to an unknown object. A yeti [seen: normal vision, infravision] on the floor of a room. Pick an object. A yeti [seen: normal vision, infravision] on the floor of a room. Pick an object. Done. [HP+1=13] Wolfy picks up a crossbow. Wolfy bites the yeti. The yeti misses Wolfy. (3x) You suddenly fall asleep! The yeti hits! (2x) The yeti bites! [HP-7=6] The yeti hits! (2x) You die... Final status: Goodbye Bacon the Caveman... You died in The Gnomish Mines on dungeon level 7 with 2156 points, and 224 pieces of gold, after 3029 moves. You were level 6 with a maximum of 59 hit points when you died.